 Dungeon Crawl Stone Soup version 0.31-a0-219-g8d62b2e7bb (webtiles) character file.

Game seed: 17054085619635746609

147 Demosthentine the Poker (level 5, 0/41 HPs)
             Began as a Demonspawn Gladiator on July 3, 2023.
             Slain by a gnoll
             ... wielding a +0 club
             ... led by a gnoll bouda
              (6 damage)
             ... on level 4 of the Dungeon.
             The game lasted 00:01:32 (2424 turns).

Demosthentine the Poker (Demonspawn Gladiator)      Turns: 2424, Time: 00:01:33

Health: 0/41       AC:  3    Str: 17    XL:     5   Next: 7%
Magic:  5/5        EV: 12    Int:  9    God:
Gold:   159        SH:  0    Dex: 14    Spells: 4/4 levels left

rFire   . . .        a - +1 trident
rCold   . . .        (no shield)
rNeg    . . .        b - +0 leather armour
rPois   .            (helmet restricted)
rElec   .            (no cloak)
rCorr   .            (no gloves)
SInv    .            (no boots)
Will    .....        (no amulet)
Stlth   +            (no ring)
HPRegen 1.26/turn    (no ring)
MPRegen 0.09/turn

%: no passive effects
@: weakened
A: antennae 1, powered by death 1, weakness stinger 2
a: no special abilities


You were on level 4 of the Dungeon.
You visited 1 branch of the dungeon, and saw 4 of its levels.

You collected 159 gold pieces.

Inventory:

Hand Weapons
 a - a +1 trident (weapon)
Missiles
 d - 3 throwing nets (quivered)
 e - a javelin
 f - 10 poisoned darts
Armour
 b - a +0 leather armour (worn)
Scrolls
 g - a scroll of enchant weapon
 j - a scroll of teleportation
 m - a scroll of brand weapon {unknown}
 o - a scroll of amnesia {unknown}
Potions
 i - a potion of brilliance
 k - a potion of invisibility {unknown}
 l - a potion of curing {unknown}
 n - a potion of lignification {unknown}


   Skills:
 + Level 3.1 Fighting
 + Level 3.5 Polearms
 - Level 1.7 Throwing
 + Level 1.9 Armour
 + Level 3.4 Dodging


You had 4 spell levels left.
You didn't know any spells.
Your spell library contained the following spells:

 Spells                   Type           Power      Damage    Failure   Level
 Cigotuvi's Dreadful Rot  Necr/Pois/Air  0%         N/A       58%         2
 Ignite Poison            Fire/Tmut/Pois 0%         N/A       82%         3
 Passage of Golubria      Tloc           0%         N/A       99%         4
 Freezing Cloud           Conj/Ice/Air   0%         6-21      100%        5
 Silence                  Hex/Air        0%         N/A       100%        5
 Lehudib's Crystal Spear  Conj/Erth      0%         10d2      100%        8


Dungeon Overview and Level Annotations

Branches:
Dungeon (4/15)
 Temple: D:4-7

Altars:


Innate Abilities, Weirdness & Mutations

You have a pair of small antennae on your head.
You regenerate a little health from kills.
You have a tail ending in a sharp stinger.


Message History

The gnoll bouda is almost dead.
The gnoll bouda mumbles some strange prayers to its god.
The gnoll bouda is healed somewhat.
The gnoll misses you. The gnoll bouda misses you.
Unknown command.
You barely miss the gnoll bouda.
The gnoll bouda is severely wounded.
The gnoll barely misses you.
The gnoll bouda hits you with a +0 club.
Unknown command.
You hit the gnoll bouda but do no damage.
The gnoll bouda is severely wounded.
The gnoll hits you with a +0 club.
The gnoll bouda hits you with a +0 club.
Unknown command.
You closely miss the gnoll bouda.
The gnoll bouda is severely wounded.
The gnoll barely misses you.
The gnoll bouda gazes fiercely through you!
You feel as though you will be weak longer.
The gnoll bouda hits you with a +0 club!
Unknown command.
You hit the gnoll bouda.
The gnoll bouda is severely wounded.
The gnoll barely misses you.
The gnoll bouda hits you with a +0 club.
Unknown command.
You hit the gnoll bouda. You tail-slap the gnoll bouda.
The gnoll bouda is almost dead.
The gnoll is no longer moving quickly.
The gnoll hits you with a +0 club.
* * * LOW HITPOINT WARNING * * *
The gnoll bouda mumbles some strange prayers to its god.
The gnoll bouda is healed somewhat.
Unknown command.
You hit the gnoll bouda.
You kill the gnoll bouda!
The gnoll hits you with a +0 club!
* * * LOW HITPOINT WARNING * * *
The gnoll hits you with a +0 club.
You die...

#.##.##..### ### ### #..........#
#.#####.# ##.#.....####
########......#####..#.....#
.........#####.....#.##....#
..........####..####..#.#..#
...........##...# #.......####
...............<# #........##.
..............g@[####.###....#.#
..........#...)...##..####.....#
..........##......รท......###.#.#
.........###........##.....#.#.#
..........#........## #...###..#
........).........## #.## ##.#
.........####......# ## ###
....##..# ##....... ...# #..#
#.#####.


You could see a gnoll.

Vanquished Creatures
  A gnoll bouda (D:4)
  An orc priest (D:3)
  4 gnolls
  An adder (D:2)
  A white imp (D:3)
  A worm (D:2)
  2 dart slugs
  4 orcs (D:3)
  4 ball pythons
  3 bats (D:1)
  5 endoplasms
  A giant cockroach (D:3)
  3 goblins
  4 hobgoblins
  4 jackals (D:2)
  2 quokkas (D:1)
  A frilled lizard (D:3)
  6 kobolds
  2 rats
50 creatures vanquished.

Notes
Turn   | Place    | Note
-------+----------+-------------------------------------------
     0 | D:1      | Demosthentine the Demonspawn Gladiator began the quest for
                  | the Orb.
     0 | D:1      | Reached XP level 1. HP: 16/16 MP: 1/1
   206 | D:1      | Found a faded altar of an unknown god.
   344 | D:1      | Discovered your monstrous ancestry.
   344 | D:1      | Gained mutation: You have a small tail. [demonic ancestry]
   344 | D:1      | Reached XP level 2. HP: 20/22 MP: 2/2
   966 | D:2      | Reached skill level 1 in Armour
  1023 | D:2      | Gained mutation: You have a tail ending in a sharp stinger.
                  | [demonic ancestry]
  1023 | D:2      | Reached XP level 3. HP: 28/28 MP: 3/3
  1642 | D:3      | Gained mutation: You regenerate a little health from kills.
                  | [demonic ancestry]
  1642 | D:3      | Reached XP level 4. HP: 19/34 MP: 4/4
  2335 | D:3      | Gained mutation: You have a pair of small antennae on your
                  | head. [demonic ancestry]
  2335 | D:3      | Reached XP level 5. HP: 24/41 MP: 5/5
  2416 | D:4      | HP: 2/41 [gnoll/+0 club[a gnoll bouda] (3)]
  2424 | D:4      | Slain by a gnoll

Illustrated notes

Levels and vault maps discovered:
D:1:      dpeg_arrival_oval, layout_basic, hellmonk_ecumenical_altar_crossroads
D:2:      layout_rooms
D:3:      layout_loops_ring
D:4:      layout_layer_cave, general_overflow_altar, minmay_temple_entry_glass,
          minmay_statues_item, roderic_lattice_a

Skill      XL: |  1  2  3  4 |
---------------+-------------+-----
Polearms       | 3 |  3.5
Dodging        | 3 |  3.4
Armour         | 1 |  1.9
Fighting       | 3 |  3.1
Throwing       | |  1.7

Action                     |  1- 3 |  4- 6 || total
---------------------------+-------+-------++-------
  Melee: Trident           |    93 |    51 ||   144
         Tailslap          |     9 |     9 ||    18
         Punch             |       |     2 ||     2
    Use: Scroll            |     6 |     2 ||     8
         Potion            |       |     1 ||     1
   Stab: Sleeping          |     2 |       ||     2
 Armour: Leather armour    |    20 |     1 ||    21
  Dodge: Dodged            |    57 |    34 ||    91

Table legend: (Time is in decaauts)
 A = Elapsed time spent in this place.
 B = Non-inter-level travel time spent in this place.
 C = Inter-level travel time spent in this place.
 D = Time resting spent in this place.
 E = Time spent auto-exploring this place.
 F = Levels seen in this place.
 G = Mean time per level.
                   A        B        C        D        E       F      G
               +--------+--------+--------+--------+--------+-----+--------+
         Total |   2445 |   2377 |     68 |    120 |   1904 |   4 |  611.2 |
       Dungeon |   2445 |   2377 |     68 |    120 |   1904 |   4 |  611.2 |
               +--------+--------+--------+--------+--------+-----+--------+

Top non-repeatable levels by time:
     D:1: 933 daAuts
     D:3: 925 daAuts
     D:2: 463 daAuts
     D:4: 123 daAuts
